[Event "Titled Tuesday Blitz July 18 Late 2023"]
[White "Hakobyan, Aram"]
[Black "Wieczorek, Oskar"]
[WhiteFideId "13306677"]
[BlackFideId "1133950"]
[WhiteElo "2966"]
[BlackElo "2722"]
[Result "1-0"]
[Round "9"]
[TimeControl "180+2"]
[Date "2023.07.18"]
[WhiteClock "0:01:33"]
[BlackClock "0:00:21"]
[Board "14"]

1. d4 Nf6 2. c4 c5 3. d5 g6 4. Nc3 Bg7 5. e4 d6 6. Be2 O-O 7. Nf3 e6 8. O-O exd5 9. cxd5 Bg4 10. Nd2 Bxe2 11. Qxe2 Nbd7 12. Nc4 Nb6 13. Ne3 Re8 14. f3 Nh5 15. Qc2 f5 16. g4 Nf4 17. gxf5 Qh4 18. Kh1 Qh3 19. Qf2 Nd3 20. Qg3 Qh5 21. Ng4 gxf5 22. Nf6+ 1-0


[Site "https://www.chess.com"]

[Event "Titled Tuesday Blitz July 18 Late 2023"]
[White "Svane, Rasmus"]
[Black "Nasuta, Grzegorz"]
[WhiteFideId "4657101"]
[BlackFideId "1141686"]
[WhiteElo "2960"]
[BlackElo "2735"]
[Result "1/2-1/2"]
[Round "9"]
[TimeControl "180+2"]
[Date "2023.07.18"]
[WhiteClock "0:00:06"]
[BlackClock "0:00:06"]
[Board "15"]

1. Nf3 d5 2. g3 Bg4 3. Bg2 e6 4. O-O Nf6 5. h3 Bh5 6. d4 Nbd7 7. c4 c6 8. cxd5 exd5 9. Ne5 Ne4 10. Bxe4 dxe4 11. Nc3 Be7 12. Qb3 f6 13. Nxd7 Qxd7 14. Nxe4 Bf7 15. Qe3 O-O-O 16. g4 Qxd4 17. Qxd4 Rxd4 18. Ng3 g6 19. Be3 Ra4 20. b3 Ra5 21. Bd4 Rd8 22. e3 b6 23. Rfc1 Kb7 24. Rc2 Rad5 25. Ne4 f5 26. Bf6 R5d7 27. Bxe7 Rxe7 28. Ng5 fxg4 29. hxg4 Bd5 30. e4 Bg8 31. f3 h6 32. Nh3 Rd3 33. Kf2 g5 34. Ke2 Red7 35. Nf2 R3d6 36. Nd1 a5 37. Ne3 Be6 38. Rh1 a4 39. bxa4 c5 40. Nf5 Bxf5 41. gxf5 Kc6 42. e5 Rd5 43. Rxh6+ Kc7 44. Re6 Rf7 45. f6 Kd7 46. Rxb6 Rxe5+ 47. Kf2 Rf5 48. a5 R5xf6 49. Rxf6 Rxf6 50. Rxc5 g4 51. a6 Rxf3+ 52. Kg2 Ra3 53. Rg5 Rxa2+ 54. Kg3 Rxa6 55. Kxg4 Ra4+ 56. Kh5 Ra6 57. Rg6 Rxg6 58. Kxg6 1/2-1/2


[Site "https://www.chess.com"]

[Event "Titled Tuesday Blitz July 18 Late 2023"]
[White "Van Foreest, Jorden"]
[Black "Vetoshko, Volodymyr"]
[WhiteFideId "1039784"]
[BlackFideId "14122480"]
[WhiteElo "2949"]
[BlackElo "2713"]
[Result "1-0"]
[Round "9"]
[TimeControl "180+2"]
[Date "2023.07.18"]
[WhiteClock "0:00:33"]
[BlackClock "0:00:00"]
[Board "16"]

1. c4 e6 2. g3 d5 3. Bg2 Nf6 4. Nf3 Be7 5. O-O O-O 6. d3 b6 7. Nc3 Bb7 8. Ne5 Nbd7 9. d4 Nxe5 10. dxe5 Ne4 11. Nxe4 dxe4 12. Qc2 Qd4 13. Bf4 g5 14. Rfd1 Qc5 15. b4 Qxb4 16. Be3 Rad8 17. Bxe4 Bxe4 18. Qxe4 Qa4 19. Rdc1 Rd5 20. h4 Rfd8 21. hxg5 Rd1+ 22. Kg2 Rxc1 23. Rxc1 Rd1 24. Rxd1 Qxd1 25. Qa8+ Kg7 26. Qxa7 Qd7 27. Qb7 Qd8 28. a4 Qd7 29. c5 Bxc5 30. Bxc5 bxc5 31. a5 c4 32. a6 c3 33. a7 c2 34. a8=Q c1=Q 35. Qf3 Qd5 36. Qaxd5 exd5 37. Qf6+ Kg8 38. e6 fxe6 39. Qxe6+ Kg7 40. Qd7+ Kg8 41. Qxd5+ Kg7 42. f4 c5 43. Qd7+ Kg8 44. Qd8+ Kg7 45. f5 Qe3 46. Qd7+ Kg8 47. Qd5+ Kg7 48. f6+ Kg6 49. Qd3+ Qxd3 50. exd3 h6 51. gxh6 Kxf6 52. g4 1-0


[Site "https://www.chess.com"]

[Event "Titled Tuesday Blitz July 18 Late 2023"]
[White "Anton Guijarro, David"]
[Black "Darini, Pouria"]
[WhiteFideId "2285525"]
[BlackFideId "12502200"]
[WhiteElo "2921"]
[BlackElo "2718"]
[Result "1-0"]
[Round "9"]
[TimeControl "180+2"]
[Date "2023.07.18"]
[WhiteClock "0:00:05"]
[BlackClock "0:00:06"]
[Board "17"]

1. d4 Nf6 2. c3 g6 3. Bg5 Bg7 4. Nd2 O-O 5. e3 d6 6. Ngf3 Nbd7 7. Bd3 e5 8. O-O Qe7 9. e4 h6 10. Bh4 c6 11. Re1 Re8 12. a4 Qf8 13. a5 Nh5 14. Bf1 Kh7 15. Nc4 exd4 16. cxd4 d5 17. exd5 Rxe1 18. Qxe1 cxd5 19. Nce5 Ndf6 20. Rc1 Qe7 21. Qc3 Be6 22. Qc7 Qb4 23. Qc3 Qxc3 24. Rxc3 g5 25. Bg3 Ne4 26. Rc7 Nhxg3 27. hxg3 g4 28. Nh4 Bxe5 29. dxe5 b6 30. f3 gxf3 31. gxf3 Nxg3 32. Bd3+ Kg8 33. Kf2 Nh5 34. a6 Nf4 35. Bf1 d4 36. Kg3 Nh5+ 37. Kf2 Nf4 38. Bc4 Bxc4 39. Rxc4 Rd8 40. Nf5 Nd3+ 41. Ke2 Nxe5 42. Rc7 d3+ 43. Kd1 h5 44. f4 Ng4 45. Kd2 Kf8 46. Rb7 Nf6 47. Rxa7 Ne4+ 48. Kd1 d2 49. Ne3 Nf2+ 50. Ke2 d1=Q+ 51. Nxd1 Nxd1 52. Rb7 Ra8 53. a7 Kg7 54. Kxd1 h4 55. Ke2 h3 56. Kf2 Kf6 57. Kg3 Ke6 58. Kxh3 b5 59. Kg4 f6 60. b4 Kd5 61. Kf5 Kc6 62. Rh7 Kd5 63. Kxf6 Kc4 64. Ke5 Kxb4 65. f5 Rxa7 66. Rxa7 1-0


[Site "https://www.chess.com"]

[Event "Titled Tuesday Blitz July 18 Late 2023"]
[White "Alex_Sahakyan2006"]
[Black "Grigoriants, Sergey"]
[BlackFideId "4130804"]
[WhiteElo "2687"]
[BlackElo "2915"]
[Result "1-0"]
[Round "9"]
[TimeControl "180+2"]
[Date "2023.07.18"]
[WhiteClock "0:00:04"]
[BlackClock "0:00:00"]
[Board "18"]

1. e4 e5 2. Nf3 Nc6 3. Bb5 a6 4. Ba4 Nf6 5. O-O b5 6. Bb3 Bc5 7. a4 Rb8 8. axb5 axb5 9. Nc3 d6 10. h3 h6 11. d3 O-O 12. Nd5 Be6 13. Re1 Bxd5 14. exd5 Nd4 15. Nxd4 Bxd4 16. c3 Bb6 17. d4 exd4 18. cxd4 Qd7 19. Qd3 Ra8 20. Bd2 Rxa1 21. Rxa1 Re8 22. Be3 Ne4 23. Qc2 f5 24. Qc6 Qf7 25. Bc2 g6 26. Ra8 Rxa8 27. Qxa8+ Kg7 28. Qc6 Nf6 29. Bb3 Ne4 30. Bc2 Nf6 31. Bb3 Ne4 32. Qc1 Qf6 33. Bxh6+ Kh7 34. Be3 f4 35. Bxf4 Bxd4 36. Qxc7+ Kh8 37. Qc8+ Kg7 38. Qd7+ Kf8 39. Bh6+ Kg8 40. Qe6+ Kh7 41. Qxf6 Bxf6 42. Bc1 Bd4 43. Kf1 Nxf2 44. Ke2 Bc5 45. Bc2 Kg7 46. Bf4 Kf6 47. b4 Bb6 48. Bxd6 g5 49. Bc5 1-0


[Site "https://www.chess.com"]

[Event "Titled Tuesday Blitz July 18 Late 2023"]
[White "Philippe, Guillaume"]
[Black "Zhigalko, Sergei"]
[WhiteFideId "36048763"]
[BlackFideId "13502956"]
[WhiteElo "2552"]
[BlackElo "2891"]
[Result "1/2-1/2"]
[Round "9"]
[TimeControl "180+2"]
[Date "2023.07.18"]
[WhiteClock "0:00:15"]
[BlackClock "0:00:03"]
[Board "19"]

1. e4 c5 2. Nf3 Nc6 3. d4 cxd4 4. Nxd4 Nf6 5. Nc3 e5 6. Ndb5 d6 7. Nd5 Nxd5 8. exd5 Nb8 9. c4 Be7 10. c5 O-O 11. Bd3 a6 12. Nxd6 Bxd6 13. cxd6 Qxd6 14. O-O Nd7 15. Be3 Rd8 16. Qc2 Nf6 17. Rfd1 Bg4 18. f3 Rac8 19. Qb3 Bh5 20. Bf5 Nd7 21. Rac1 Rxc1 22. Rxc1 Bg6 23. Bh3 Nf6 24. Qxb7 Nxd5 25. Rd1 h6 26. Bf2 Kh7 27. a3 e4 28. fxe4 Bxe4 29. Qxf7 Rf8 30. Qd7 Qf4 31. Qa7 Qg5 32. Qd4 Re8 33. Qc5 Re5 34. Bg3 Nf4 35. Bxf4 Qxf4 36. Qf2 Qg5 37. Qg3 Qe7 38. Re1 Qa7+ 39. Qf2 Qe7 40. Rxe4 Rxe4 41. Bf5+ Kh8 42. Bxe4 Qxe4 43. h3 Kh7 44. Kh2 Qe5+ 45. Qg3 Qxb2 46. Qd3+ Kh8 47. Qxa6 Qe5+ 48. Kg1 Qe1+ 49. Kh2 Qe5+ 50. Kg1 Qe1+ 51. Kh2 Qe5+ 1/2-1/2


[Site "https://www.chess.com"]

[Event "Titled Tuesday Blitz July 18 Late 2023"]
[White "Petesch, Gabriel"]
[Black "Yoo, Christopher Woojin"]
[WhiteFideId "2032465"]
[BlackFideId "30909694"]
[WhiteElo "2585"]
[BlackElo "2971"]
[Result "0-1"]
[Round "9"]
[TimeControl "180+2"]
[Date "2023.07.18"]
[WhiteClock "0:00:02"]
[BlackClock "0:00:05"]
[Board "20"]

1. Nf3 a6 2. g3 b5 3. Bg2 Bb7 4. O-O g6 5. a4 Bg7 6. c3 c5 7. axb5 axb5 8. Rxa8 Bxa8 9. Qb3 Bc6 10. d4 cxd4 11. cxd4 Nf6 12. Nc3 Qa5 13. Ne5 O-O 14. Nxc6 dxc6 15. Bf4 b4 16. Na2 Nd5 17. Bxd5 cxd5 18. Nxb4 Qb5 19. Qc3 Nd7 20. Nc6 Re8 21. b3 h6 22. Re1 g5 23. Bc1 Nf6 24. Qc5 Qb7 25. Ba3 Bf8 26. Qc2 Ra8 27. Bb2 e6 28. Rc1 Ne4 29. f3 Nd6 30. Ne5 Rc8 31. Qb1 Qxb3 32. Rxc8 Nxc8 33. Qc1 Nd6 34. Bc3 Nb5 35. Ba1 Qa4 36. Kg2 Qa2 37. Kf2 Nd6 38. h4 gxh4 39. gxh4 Nf5 40. Qg1+ Bg7 41. Ng4 Kh7 42. Ne5 Bxe5 43. dxe5 Qa7+ 44. Kf1 Qxa1+ 45. Kf2 Qxg1+ 46. Kxg1 Nxh4 0-1


[Site "https://www.chess.com"]

[Event "Titled Tuesday Blitz July 18 Late 2023"]
[White "Mendez Fortes, Eduardo Jesus"]
[Black "Bartel, Mateusz"]
[WhiteFideId "3502376"]
[BlackFideId "1112635"]
[WhiteElo "2642"]
[BlackElo "2844"]
[Result "0-1"]
[Round "9"]
[TimeControl "180+2"]
[Date "2023.07.18"]
[WhiteClock "0:00:10"]
[BlackClock "0:00:14"]
[Board "21"]

1. e4 g6 2. d4 Bg7 3. Nc3 a6 4. f4 b5 5. e5 Bb7 6. Nf3 d6 7. Bd3 e6 8. Ne4 Ne7 9. Qe2 O-O 10. Be3 Nd5 11. h4 h5 12. Nfg5 Nd7 13. Bd2 dxe5 14. dxe5 c5 15. c4 Nb4 16. Bxb4 cxb4 17. Nd6 bxc4 18. Bxc4 Nc5 19. O-O-O Qb6 20. Kb1 Rad8 21. Rh3 Qc6 22. g4 hxg4 23. Qxg4 Qg2 24. Rg3 Qf2 25. h5 Na4 26. Rb3 Rxd6 27. Rxd6 Rc8 28. Qe2 Qxf4 29. Nxe6 Qe4+ 30. Qxe4 Bxe4+ 31. Bd3 Bxd3+ 32. Rdxd3 fxe6 33. Rxb4 Nc5 34. Rc3 Bxe5 35. Rc2 Bd6 36. Rbc4 Rf8 37. Rxc5 Bxc5 38. Rxc5 gxh5 39. Rxh5 Rf2 40. Ra5 Kf7 41. Rxa6 e5 42. Ra4 Ke6 43. Rh4 Kd5 44. a4 e4 45. a5 e3 46. Kc1 Rf1+ 47. Kc2 e2 48. Rh5+ Kc6 49. Rh6+ Kb7 50. Re6 e1=Q 51. Rxe1 Rxe1 52. b4 Kc6 53. Kb3 Kb5 0-1


[Site "https://www.chess.com"]

[Event "Titled Tuesday Blitz July 18 Late 2023"]
[White "Karacsonyi, Gellert"]
[Black "Jimenez Almeida, Luis David"]
[WhiteFideId "764620"]
[BlackFideId "22242244"]
[WhiteElo "2815"]
[BlackElo "2597"]
[Result "1-0"]
[Round "9"]
[TimeControl "180+2"]
[Date "2023.07.18"]
[WhiteClock "0:01:26"]
[BlackClock "0:00:48"]
[Board "23"]

1. e4 c5 2. Nf3 e6 3. d4 cxd4 4. Nxd4 a6 5. c4 Nc6 6. Nc3 Nf6 7. Be2 Bb4 8. Nxc6 bxc6 9. Qd3 e5 10. O-O O-O 11. Bg5 h6 12. Bh4 Be7 13. Rad1 Rb8 14. b3 Qa5 15. Kh1 d6 16. Bxf6 Bxf6 17. Na4 Rd8 18. Qg3 Be6 19. Bg4 Bxc4 20. Rfe1 Bb5 21. Qc3 Qc7 22. Nb2 Qe7 23. a4 Bxa4 24. Nxa4 d5 25. Qxc6 Rxb3 26. exd5 Rd6 27. Qc8+ Kh7 28. Nc5 Rb4 29. Ne4 Rdb6 30. d6 Qd8 31. Nxf6+ Qxf6 32. Qf5+ Qxf5 33. Bxf5+ g6 34. d7 1-0


[Site "https://www.chess.com"]

[Event "Titled Tuesday Blitz July 18 Late 2023"]
[White "Pinero Rodriguez, Carlos Jose"]
[Black "Tristan, Leonardo"]
[WhiteFideId "3901726"]
[BlackFideId "113816"]
[WhiteElo "2620"]
[BlackElo "2790"]
[Result "0-1"]
[Round "9"]
[TimeControl "180+2"]
[Date "2023.07.18"]
[WhiteClock "0:00:54"]
[BlackClock "0:00:21"]
[Board "24"]

1. b3 d5 2. Bb2 Bf5 3. Nf3 e6 4. e3 Nf6 5. d4 Nbd7 6. Bd3 c6 7. a3 Bd6 8. h3 O-O 9. Ne5 Ne4 10. O-O f6 11. Nxd7 Qxd7 12. Nd2 Nxd2 13. Qxd2 e5 14. Bxf5 Qxf5 15. dxe5 Bxe5 16. Bxe5 Qxe5 17. Qd4 Rfe8 18. Qxe5 fxe5 19. Rfd1 Kf7 20. Rac1 Rad8 21. c4 d4 22. Kf1 Kf6 23. c5 Kf5 24. Ke2 h5 25. exd4 exd4+ 26. Kd3 Re4 27. Re1 Rde8 28. Rxe4 Rxe4 29. f3 Re3+ 30. Kxd4 Rxb3 31. Rb1 Rxb1 0-1


[Site "https://www.chess.com"]

[Event "Titled Tuesday Blitz July 18 Late 2023"]
[White "robertoalejandro10"]
[Black "Matinian, Nikita"]
[BlackFideId "24129100"]
[WhiteElo "2594"]
[BlackElo "2740"]
[Result "0-1"]
[Round "9"]
[TimeControl "180+2"]
[Date "2023.07.18"]
[WhiteClock "0:00:28"]
[BlackClock "0:01:41"]
[Board "25"]

1. Nf3 Nf6 2. b3 g6 3. Bb2 Bg7 4. g3 d6 5. Bg2 c5 6. O-O e5 7. c4 O-O 8. Nc3 Nc6 9. e3 Re8 10. Re1 e4 11. Ng5 h6 12. Nh3 Bg4 13. Qc1 Ne5 14. Qc2 Qd7 15. Nf4 g5 16. Nfd5 Nxd5 17. Nxd5 Nf3+ 18. Kh1 Nxe1 19. Rxe1 Bf3 20. Bxf3 exf3 21. Bxg7 Kxg7 22. Qb2+ Re5 23. d4 cxd4 24. Qxd4 Re8 25. Qxa7 Rxd5 26. cxd5 Re4 27. Qa5 Qh3 28. Qc3+ Re5 29. Rg1 g4 30. Qd4 Kg8 0-1


[Site "https://www.chess.com"]

[Event "Titled Tuesday Blitz July 18 Late 2023"]
[White "Haydon, David L"]
[Black "Vovk, Orest"]
[WhiteFideId "415405"]
[BlackFideId "14113490"]
[WhiteElo "2712"]
[BlackElo "2591"]
[Result "0-1"]
[Round "9"]
[TimeControl "180+2"]
[Date "2023.07.18"]
[WhiteClock "0:02:20"]
[BlackClock "0:01:14"]
[Board "26"]

1. e4 g5 2. d4 g4 3. Qxg4 d5 4. Qe2 dxe4 5. Qxe4 Nf6 6. Qe3 Nc6 7. c3 Qd5 8. Nf3 Bg4 9. Be2 O-O-O 10. Nbd2 h5 11. Bc4 Qd7 12. Ne4 Bh6 13. Qe2 Nxe4 14. Qxe4 e5 15. d5 f5 16. dxc6 Qd1# 0-1


[Site "https://www.chess.com"]

[Event "Titled Tuesday Blitz July 18 Late 2023"]
[White "Amburgy, Ryan"]
[Black "Gascon Del Nogal, Jose Rafael"]
[WhiteFideId "30924820"]
[BlackFideId "3902463"]
[WhiteElo "2684"]
[BlackElo "2583"]
[Result "1/2-1/2"]
[Round "9"]
[TimeControl "180+2"]
[Date "2023.07.18"]
[WhiteClock "0:01:26"]
[BlackClock "0:00:09"]
[Board "27"]

1. Nf3 c5 2. c4 Nc6 3. Nc3 g6 4. e3 Bg7 5. d4 d6 6. Be2 cxd4 7. exd4 Bg4 8. d5 Bxf3 9. Bxf3 Ne5 10. O-O Nf6 11. b3 O-O 12. Bb2 Nxf3+ 13. Qxf3 Nd7 14. Qe2 a6 15. Na4 Bxb2 16. Nxb2 Re8 17. Rad1 Qb8 18. Nd3 a5 19. a4 Qa7 20. Qe3 Qxe3 21. fxe3 b6 22. e4 f6 23. Kf2 Nc5 24. Nxc5 bxc5 25. Rd3 Rab8 26. Re1 Rb6 27. Ree3 Reb8 28. h3 Kf7 29. Rf3 h5 30. g4 hxg4 31. hxg4 Rh8 32. Rh3 Rxh3 33. Rxh3 Kg7 34. Kg2 Rb8 35. Kf2 f5 36. exf5 gxf5 37. Re3 fxg4 38. Rxe7+ Kf6 39. Re6+ Kf5 40. Rxd6 Rxb3 41. Rc6 Rb2+ 42. Kg3 Rb3+ 43. Kg2 Rb2+ 44. Kg3 Rb3+ 45. Kg2 Rb2+ 46. Kg3 1/2-1/2


[Site "https://www.chess.com"]

[Event "Titled Tuesday Blitz July 18 Late 2023"]
[White "Medarde Santiago, Luis Marcos"]
[Black "Willy, Stephen"]
[WhiteFideId "2263076"]
[BlackFideId "30981468"]
[WhiteElo "2645"]
[BlackElo "2434"]
[Result "1-0"]
[Round "9"]
[TimeControl "180+2"]
[Date "2023.07.18"]
[WhiteClock "0:01:34"]
[BlackClock "0:00:59"]
[Board "28"]

1. e4 Nc6 2. d4 d5 3. e5 Bf5 4. c3 e6 5. Nf3 f6 6. Bb5 Ne7 7. exf6 gxf6 8. O-O Rg8 9. Nh4 Bg6 10. Nxg6 hxg6 11. Re1 Qd6 12. Qe2 Kf7 13. Nd2 a6 14. Bd3 Re8 15. Nb3 e5 16. Nc5 e4 17. Nxb7 Qd7 18. Bc2 Nf5 19. Ba4 Qe6 20. Qxa6 Ncxd4 21. Bxe8+ Kxe8 22. Qa8+ Kf7 23. Nd8+ 1-0


[Site "https://www.chess.com"]

[Event "Titled Tuesday Blitz July 18 Late 2023"]
[White "Pranav, V"]
[Black "Hajiyev, Kanan"]
[WhiteFideId "25060783"]
[BlackFideId "13404148"]
[WhiteElo "2951"]
[BlackElo "2577"]
[Result "1-0"]
[Round "9"]
[TimeControl "180+2"]
[Date "2023.07.18"]
[WhiteClock "0:01:27"]
[BlackClock "0:00:00"]
[Board "29"]

1. e4 c6 2. Nf3 d5 3. e5 c5 4. d4 Nc6 5. c4 cxd4 6. Nxd4 e6 7. Nc3 Bc5 8. Nxc6 bxc6 9. cxd5 cxd5 10. Bd3 Ne7 11. O-O O-O 12. Bg5 h6 13. Bh4 Bb7 14. Rc1 Rc8 15. Qg4 Qe8 16. Na4 Bb6 17. Rxc8 Bxc8 18. Nxb6 axb6 19. Qb4 Nc6 20. Qd6 Qd7 21. Bh7+ Kxh7 22. Qxf8 Nxe5 23. Qd8 Qc6 24. h3 Bb7 25. f3 Nc4 26. Bf2 b5 27. b3 Nd2 28. Re1 d4 29. Qxd4 Nxf3+ 30. gxf3 Qxf3 31. Kf1 Qxh3+ 32. Ke2 Qf3+ 33. Kd2 Bd5 34. Qd3+ 1-0


[Site "https://www.chess.com"]

[Event "Titled Tuesday Blitz July 18 Late 2023"]
[White "Taranenko, Evgueniy"]
[Black "Pham, Le Thao Nguyen"]
[WhiteFideId "14122138"]
[BlackFideId "12401226"]
[WhiteElo "2737"]
[BlackElo "2559"]
[Result "0-1"]
[Round "9"]
[TimeControl "180+2"]
[Date "2023.07.18"]
[WhiteClock "0:00:10"]
[BlackClock "0:00:25"]
[Board "30"]

1. e4 c5 2. Nf3 e6 3. d4 cxd4 4. Nxd4 a6 5. Bd3 Nc6 6. Nxc6 dxc6 7. O-O e5 8. f4 Nf6 9. Kh1 Bc5 10. Nd2 Ng4 11. Qe1 O-O 12. Nb3 Ba7 13. Qg3 exf4 14. Bxf4 Be6 15. Rad1 Qb6 16. Rd2 Rfe8 17. e5 Ne3 18. Bh6 g6 19. Re1 Ng4 20. Bg5 Nf2+ 21. Rxf2 Qxf2 22. Qxf2 Bxf2 23. Rf1 Bb6 24. Bf6 Bxb3 25. axb3 Bd8 26. h4 Bxf6 27. exf6 h5 28. Kh2 Rad8 29. Kh3 Rd6 30. Bc4 Re5 31. g3 Rf5 32. Rxf5 gxf5 33. Kg2 Rxf6 34. Kf3 Kg7 35. Kg2 Kg6 36. Kf3 Rd6 37. Kf4 Rd2 38. Bd3 Kf6 39. Ke3 Rh2 40. Be2 b5 41. Bxh5 Rxc2 42. Kd4 Ke6 43. Bf3 c5+ 44. Kd3 Rxb2 45. Bb7 Rxb3+ 46. Ke2 Ra3 47. Bxa6 Rxa6 0-1


[Site "https://www.chess.com"]

[Event "Titled Tuesday Blitz July 18 Late 2023"]
[White "Musovic, Armin"]
[Black "Stoyanov, Tsvetan"]
[WhiteFideId "939935"]
[BlackFideId "2917173"]
[WhiteElo "2554"]
[BlackElo "2723"]
[Result "0-1"]
[Round "9"]
[TimeControl "180+2"]
[Date "2023.07.18"]
[WhiteClock "0:00:27"]
[BlackClock "0:00:09"]
[Board "31"]

1. e4 c5 2. c3 Nc6 3. d4 cxd4 4. cxd4 d5 5. Nc3 e6 6. e5 a6 7. a3 b5 8. Nf3 Nge7 9. Bd3 Nf5 10. Bc2 Be7 11. O-O h5 12. b4 O-O 13. h4 Bxh4 14. g3 Be7 15. Kg2 g6 16. Rh1 Qb6 17. Bxf5 exf5 18. Bh6 Rd8 19. Qd2 Be6 20. Rad1 Rac8 21. Ne2 f4 22. Nxf4 Bg4 23. Nh2 Bxd1 24. Rxd1 a5 25. e6 Bf6 26. exf7+ Kxf7 27. Nf3 axb4 28. axb4 Ne7 29. Qa2 Rc4 30. Ng5+ Kg8 31. Qe2 Qd6 32. Nfe6 Re8 33. Qf3 Nf5 34. Bf8 Rxf8 35. Nxf8 Kxf8 36. Ra1 Rc8 37. Nh3 Kg7 38. Ra7+ Rc7 39. Rxc7+ Qxc7 40. Qxd5 Nxd4 41. Kf1 Qc1+ 42. Kg2 Qc6 43. Nf4 Qxd5+ 44. Nxd5 Be5 45. f4 Bd6 46. Kh3 Kf7 47. g4 hxg4+ 48. Kxg4 Ke6 49. Nc3 Bxb4 50. Ne4 Be7 51. Nd2 b4 52. Kg3 b3 53. Kf2 b2 54. Ke3 Bb4 55. Nb1 Nb3 56. Ke4 Nd2+ 57. Nxd2 Bxd2 58. f5+ gxf5+ 59. Kf3 b1=Q 60. Ke2 Qe1+ 61. Kd3 Qe3+ 62. Kc2 f4 63. Kd1 f3 64. Kc2 f2 65. Kb1 f1=Q+ 66. Ka2 Qc4+ 67. Kb1 Qeb3+ 68. Ka1 Qca4# 0-1


[Site "https://www.chess.com"]

[Event "Titled Tuesday Blitz July 18 Late 2023"]
[White "Estrada Nieto, Julian"]
[Black "Velikanov, Alexander"]
[WhiteFideId "5101018"]
[BlackFideId "2039290"]
[WhiteElo "2547"]
[BlackElo "2702"]
[Result "0-1"]
[Round "9"]
[TimeControl "180+2"]
[Date "2023.07.18"]
[WhiteClock "0:00:00"]
[BlackClock "0:00:13"]
[Board "33"]

1. e4 e6 2. d4 d5 3. Nd2 Nf6 4. e5 Nfd7 5. Bd3 c5 6. c3 Nc6 7. Ne2 Qb6 8. Nf3 cxd4 9. cxd4 Bb4+ 10. Bd2 O-O 11. O-O Be7 12. Qc2 f5 13. a3 a5 14. Nf4 Ndb8 15. Ne2 Bd7 16. h4 Be8 17. Bg5 Bh5 18. Bxe7 Nxe7 19. Ng5 h6 20. Nh3 Bxe2 21. Qxe2 Qxd4 22. g3 Nbc6 23. Rfe1 Ng6 24. Rad1 Qxe5 25. Qh5 Qf6 26. Qe2 Nd4 27. Qe3 f4 28. Nxf4 Nxf4 29. Qxf4 Qxf4 30. gxf4 Rxf4 31. Re3 Rxh4 32. Kg2 Rf8 33. Rd2 Rg4+ 34. Rg3 Rgf4 35. Bg6 R8f6 36. Bh5 e5 37. Bd1 g5 38. b4 axb4 39. axb4 Rc6 40. Ra2 Kg7 41. Ra7 Rb6 42. Bh5 Rxb4 43. Rc3 Ne6 44. Rc8 Rfc4 45. Re8 Nf4+ 46. Kf3 Nxh5 47. Raa8 Nf6 48. Re7+ Kg6 49. Re6 Rf4+ 50. Kg2 e4 51. Rg8+ Kh5 0-1


[Site "https://www.chess.com"]

[Event "Titled Tuesday Blitz July 18 Late 2023"]
[White "Rastbod, Ali"]
[Black "Santos Flores, Alberto"]
[WhiteFideId "12567477"]
[BlackFideId "3601234"]
[WhiteElo "2689"]
[BlackElo "2544"]
[Result "1-0"]
[Round "9"]
[TimeControl "180+2"]
[Date "2023.07.18"]
[WhiteClock "0:00:21"]
[BlackClock "0:00:00"]
[Board "34"]

1. d4 d5 2. Nf3 Nf6 3. c3 c6 4. Qc2 g6 5. Bf4 Bf5 6. Qb3 Qb6 7. c4 Nbd7 8. e3 Bg7 9. c5 Qxb3 10. axb3 Bxb1 11. Rxb1 a6 12. h3 O-O 13. b4 Rfe8 14. Bd3 Nh5 15. Be5 Nxe5 16. dxe5 Bh8 17. g4 Ng7 18. Nd4 f6 19. e6 Rf8 20. f4 f5 21. gxf5 Nxf5 22. Nxf5 gxf5 23. Rg1+ Bg7 24. Rg5 Rf6 25. Bxf5 h6 26. Rh5 Raf8 27. Bg4 d4 28. f5 Rd8 29. Rd1 Rff8 30. exd4 Rxd4 31. Rxd4 Bxd4 32. Rxh6 Bxb2 33. Kd2 Rd8+ 34. Kc2 Bf6 35. Bh5 Kg7 36. Rg6+ Kf8 37. Rg2 Rd4 38. Bf7 Bg7 39. f6 exf6 40. Bh5 Re4 41. Rd2 Rxe6 42. Rd8+ Ke7 43. Rb8 f5 44. Rxb7+ Kf6 45. Rb6 f4 46. Bg4 Re4 47. Rxc6+ Ke5 48. Re6+ Kd4 49. Rxe4+ Kxe4 50. c6 Be5 51. h4 f3 52. h5 Kf4 53. Bxf3 Kxf3 54. h6 Ke4 55. h7 Kd5 56. h8=Q Bxh8 57. c7 Kc4 58. c8=Q+ 1-0


[Site "https://www.chess.com"]

[Event "Titled Tuesday Blitz July 18 Late 2023"]
[White "Bjelobrk, Igor"]
[Black "vishwa_vijeta"]
[WhiteFideId "4300726"]
[WhiteElo "2655"]
[BlackElo "2543"]
[Result "1-0"]
[Round "9"]
[TimeControl "180+2"]
[Date "2023.07.18"]
[WhiteClock "0:01:13"]
[BlackClock "0:00:08"]
[Board "35"]

1. d4 Nf6 2. c4 g6 3. Nc3 d5 4. Nf3 Bg7 5. h4 h5 6. Bg5 c6 7. e3 O-O 8. Qb3 a6 9. cxd5 Nxd5 10. Bd3 b5 11. Nxd5 cxd5 12. Rc1 Bb7 13. O-O Nc6 14. Rc5 Na5 15. Qc3 Nc4 16. b3 Nd6 17. Rc7 Rc8 18. Rc1 b4 19. Qc5 Rxc7 20. Qxc7 Bf6 21. Bf4 Ba8 22. Qxd8 Rxd8 23. Bxd6 Rxd6 24. Rc8+ Kg7 25. Rxa8 1-0


[Site "https://www.chess.com"]

[Event "Titled Tuesday Blitz July 18 Late 2023"]
[White "Leon Oquendo, Jorge"]
[Black "ArtemDyachuk"]
[WhiteFideId "3514803"]
[WhiteElo "2631"]
[BlackElo "2542"]
[Result "0-1"]
[Round "9"]
[TimeControl "180+2"]
[Date "2023.07.18"]
[WhiteClock "0:00:00"]
[BlackClock "0:00:05"]
[Board "36"]

1. d4 Nf6 2. c4 e6 3. Nc3 c5 4. d5 exd5 5. cxd5 d6 6. Nf3 g6 7. Bf4 Bg7 8. h3 O-O 9. e3 Ne8 10. Be2 Nd7 11. O-O Ne5 12. Bh2 f5 13. Nd2 Bd7 14. a4 g5 15. f4 gxf4 16. exf4 Nf7 17. Nc4 b6 18. Bd3 a6 19. Ne3 Qf6 20. Qc2 Nh6 21. Kh1 Nc7 22. Rg1 b5 23. g4 fxg4 24. hxg4 Qh4 25. f5 Rae8 26. Ne4 Be5 27. axb5 Nxb5 28. Rxa6 Nd4 29. Qg2 Nf3 30. Nf1 Nxg1 31. Kxg1 Bxh2+ 32. Nxh2 Qe1+ 33. Nf1 Kh8 34. Rxd6 Nxg4 35. Rxd7 Rg8 36. Ng3 Nf6 37. Rf7 Re3 38. Rxf6 Rexg3 39. Be4 Rxg2+ 40. Bxg2 Qe2 0-1


[Site "https://www.chess.com"]

[Event "Titled Tuesday Blitz July 18 Late 2023"]
[White "Martinez Reyes, Pedro Ramon"]
[Black "Karaoglan, Doruk"]
[WhiteFideId "3901807"]
[BlackFideId "6390927"]
[WhiteElo "2541"]
[BlackElo "2622"]
[Result "0-1"]
[Round "9"]
[TimeControl "180+2"]
[Date "2023.07.18"]
[WhiteClock "0:01:02"]
[BlackClock "0:01:19"]
[Board "37"]

1. c4 e5 2. g3 Nc6 3. Bg2 g6 4. Nc3 Bg7 5. Nf3 d6 6. d3 f5 7. O-O Nf6 8. Bg5 h6 9. Bxf6 Qxf6 10. Nd5 Qf7 11. Nd2 O-O 12. Rb1 Nd8 13. f4 c6 14. Nc3 exf4 15. gxf4 Ne6 16. e3 Bd7 17. Qc2 Rae8 18. Rbe1 g5 19. fxg5 hxg5 20. b4 Qh5 21. Ne2 f4 22. Ne4 fxe3 23. Qc1 Rxf1+ 24. Bxf1 Nf4 25. Qxe3 d5 26. cxd5 cxd5 27. Qc5 Qg4+ 28. N4g3 Nxe2+ 29. Kh1 Nxg3+ 30. hxg3 Rxe1 0-1


[Site "https://www.chess.com"]

[Event "Titled Tuesday Blitz July 18 Late 2023"]
[White "Arabidze, Meri"]
[Black "Graif, William"]
[WhiteFideId "13604040"]
[BlackFideId "2609835"]
[WhiteElo "2617"]
[BlackElo "2536"]
[Result "1-0"]
[Round "9"]
[TimeControl "180+2"]
[Date "2023.07.18"]
[WhiteClock "0:00:12"]
[BlackClock "0:00:09"]
[Board "38"]

1. Nf3 d5 2. g3 c6 3. Bg2 Bg4 4. O-O Nd7 5. c4 e6 6. Qb3 Qb6 7. d3 Ngf6 8. Be3 Bc5 9. d4 Be7 10. c5 Qxb3 11. axb3 Bxf3 12. exf3 e5 13. b4 a6 14. Nd2 exd4 15. Bxd4 Nf8 16. Nb3 Ne6 17. Bh3 Nxd4 18. Nxd4 O-O 19. Rfe1 Rfe8 20. Nb3 Bd8 21. Rxe8+ Nxe8 22. Re1 Kf8 23. Kg2 Nf6 24. f4 g6 25. f3 Bc7 26. Kf2 Ng8 27. Nd4 Ne7 28. Bf1 Re8 29. h4 Ng8 30. Rd1 f5 31. Bd3 Kf7 32. h5 Kf6 33. Rh1 Ne7 34. hxg6 hxg6 35. Rh7 Rf8 36. Ke3 Bd8 37. g4 fxg4 38. fxg4 g5 39. f5 Bc7 40. Ne6 Rc8 41. Rh6+ Kf7 42. Nxg5+ Ke8 43. Rh8+ Kd7 44. Rxc8 Kxc8 45. f6 Ng6 46. Bxg6 Bd8 47. Bf5+ Kc7 48. Ne6+ Kc8 49. Nxd8+ Kxd8 50. g5 1-0


[Site "https://www.chess.com"]